 Dungeon Crawl Stone Soup version 0.28.0-45-g0d030f2227 (webtiles) character file.

Game seed: 6608691522566140215

46 GigaChad the Slasher (level 3, 0/30 HPs)
             Began as a Minotaur Gladiator on Apr 12, 2022.
             Slain by a jackal (1 damage)
             ... on level 3 of the Dungeon.
             The game lasted 00:04:53 (1323 turns).

GigaChad the Slasher (Minotaur Gladiator)           Turns: 1323, Time: 00:04:54

Health: 0/30       AC:  0    Str: 18    XL:     3   Next: 46%
Magic:  2/2        EV: 13    Int:  5    God:
Gold:   116        SH:  0    Dex: 13    Spells: 2/2 levels left

rFire   . . .      SeeInvis .   a - +0 long sword
rCold   . . .      Faith    .   (no shield)
rNeg    . . .      Spirit   .   (no armour)
rPois   .          Reflect  .   c - +0 hat
rElec   .          Harm     .   (no cloak)
rCorr   .          Rampage  .   (no gloves)
Will    .....                   (no boots)
Stlth   +.........              (no amulet)
HPRegen 0.10/turn               (no ring)
MPRegen 0.08/turn               (no ring)

@: no status effects
A: horns 2, retaliatory headbutt
a: no special abilities


You were on level 3 of the Dungeon.
You visited 1 branch of the dungeon, and saw 3 of its levels.

You collected 116 gold pieces.

Inventory:

Hand Weapons
 a - a +0 long sword (weapon)
 g - a +0 war axe
 k - a +2 dagger of venom
Missiles
 d - 3 throwing nets (quivered)
 f - 2 atropa-tipped darts
 h - 5 poisoned darts
 j - 16 arrows
Armour
 b - a +0 leather armour
 c - a +0 hat (worn)
 l - a +0 scale mail
Magical Staves
 o - a staff of death
Scrolls
 i - 2 scrolls of teleportation {unknown}
 p - 3 scrolls of fog {unknown}
Potions
 e - a potion of berserk rage
 m - a potion of flight {unknown}
 n - a potion of curing {unknown}
 q - a potion of resistance {unknown}
 r - a potion of degeneration {unknown}


   Skills:
 + Level 2.5 Fighting
 + Level 4.4 Long Blades
 + Level 2.0 Throwing
 + Level 1.1 Armour
 + Level 4.1 Dodging


You had 2 spell levels left.
You didn't know any spells.
Your spell library was empty.

Dungeon Overview and Level Annotations

Branches:
Dungeon (3/15)

Altars:

Shops:
D:1 :


Innate Abilities, Weirdness & Mutations

You have a pair of horns on your head.
You reflexively headbutt those who attack you in melee.


Message History

You closely miss the jackal.
The jackal is severely wounded.
The jackal bites you. The jackal closely misses you.
You barely miss the jackal.
The jackal is severely wounded.
The jackal bites you. x2; The jackal barely misses you.
You furiously retaliate!
You headbutt the jackal!
You kill the jackal!
The jackal bites you. x2
You hit the jackal.
The jackal is almost dead.
The jackal closely misses you. You furiously retaliate!
You headbutt the jackal, but do no damage.
The jackal barely misses you. The jackal misses you.
You closely miss the jackal.
The jackal is almost dead.
The jackal misses you. The quokka closely misses you. You furiously retaliate!
You headbutt the quokka, but do no damage.
The jackal bites you. The jackal barely misses you.
The quokka barely misses you. You furiously retaliate!
You headbutt the quokka!
You kill the quokka!
You hit the jackal but do no damage.
The jackal is almost dead.
The jackal bites you.
The jackal barely misses you. x2; The jackal bites you.
You hit the jackal but do no damage.
The jackal is almost dead.
The jackal bites you.
* * * LOW HITPOINT WARNING * * *
The jackal bites you.
* * * LOW HITPOINT WARNING * * *
The jackal bites you.
* * * LOW HITPOINT WARNING * * *
You hit the jackal but do no damage. The jackal bites you.
* * * LOW HITPOINT WARNING * * *
The jackal closely misses you. The jackal bites you.
* * * LOW HITPOINT WARNING * * *
You closely miss the jackal. You headbutt the jackal.
You kill the jackal!
The jackal bites you.
You die...

#..'..........'...........
#.##..........###.........
#####+##.##......#####
#.........
#........##......#
##########
#........##......#
#........##......#
#........##......#
#........#####...#
#........# #..@#
........## #.†h# ........#
#...# ........# #...#
........# #...# ........#
#...# ........# ....#
.####.### ....## .# ..


You could see a jackal.

Vanquished Creatures
  2 worms (D:2)
  2 dart slugs
  3 ball pythons
  3 endoplasms (D:2)
  2 giant cockroaches (D:1)
  4 hobgoblins
  3 jackals (D:3)
  3 kobolds
  4 quokkas
  3 bats
  3 frilled lizards
  2 rats
34 creatures vanquished.

Notes
Turn   | Place    | Note
-------+----------+-------------------------------------------
     0 | D:1      | GigaChad the Minotaur Gladiator began the quest for the
                  | Orb.
     0 | D:1      | Reached XP level 1. HP: 18/18 MP: 0/0
   168 | D:1      | Reached XP level 2. HP: 25/25 MP: 1/1
   573 | D:1      | Found Ecenylirhy's Book Shop.
   861 | D:2      | Reached XP level 3. HP: 26/30 MP: 2/2
  1153 | D:3      | Reached skill level 1 in Armour
  1322 | D:3      | HP: 1/30 [jackal (2)]
  1323 | D:3      | Slain by a jackal

Illustrated notes

Levels and vault maps discovered:
D:1:      saegor_arrival_miasma, layout_basic, serial_shops, shop_coins
D:2:      layout_rooms
D:3:      layout_basic

Skill      XL: |  1  2  3 |
---------------+----------+-----
Long Blades    | 4 |  4.4
Dodging        | 4 |  4.1
Armour         | 1 |  1.1
Fighting       | |  2.5
Throwing       | |  2.0

Action                   || total
-------------------------++-------
Melee: Long sword        ||    55
       Headbutt          ||     8
       Punch             ||     1
  Use: Scroll            ||     1
Armor: Leather armour    ||    17
Dodge: Dodged            ||    68
